 Dungeon Crawl Stone Soup version 0.26-a0-931-g326f72de0d (console) character file.

Game seed: 15617113987999107859

24630 jejorda2 the Carver (level 12, -7/92 HPs)
             Began as a Vampire Berserker on Nov 26, 2020.
             Was a High Priest of Trog.
             Killed from afar by a gargoyle (8 damage)
             ... with a stone arrow
             ... in a Gauntlet.
             The game lasted 00:57:52 (12963 turns).

jejorda2 the Carver (Vampire Berserker)            Turns: 12963, Time: 00:57:54

Health: -7/92      AC: 15    Str: 20    XL:     12   Next: 82%
Magic:  12/12      EV: 12    Int: 10    God:    Trog [*****.]
Gold:   782        SH:  0    Dex: 17    Spells: 11/11 levels left

rFire    . . .     SeeInvis +   a - +0 scimitar
rCold    . . .     Faith    .   C - +2 kite shield
rNeg     . . .     Spirit   .   D - +3 chain mail {rPois}
rPois    +         Reflect  .   j - +1 hat
rElec    .         Harm     .   (no cloak)
rCorr    .         Rampage  .   M - +0 pair of gloves
MR       +++++     NoTele   +   J - +0 pair of boots
Stlth    ..........             d - amulet of regeneration
HPRegen  1.85/turn              w - +4 ring of evasion
MPRegen  0.13/turn              G - ring "Mawawugu" {MR++ EV+4 Dex+3}

@: berserk cooldown, held, regenerating, slowed, very slow
A: fangs 3, see invisible, unbreathing
a: Exsanguinate, Berserk, Trog's Hand, Brothers in Arms, Renounce Religion


You were in a Gauntlet.
You worshipped Trog.
Trog was extremely pleased with you.
You visited 2 branches of the dungeon, and saw 13 of its levels.
You also visited: Sewer and Gauntlet.

You collected 847 gold pieces.
You spent 65 gold pieces at shops.

Inventory:

Hand Weapons
 a - a +0 scimitar (weapon)
 k - a +0 morningstar
Missiles
 e - 295 stones
 l - 6 javelins
 o - 52 poisoned darts (quivered)
 s - 5 boomerangs
Armour
 j - a +1 hat (worn)
 C - a +2 kite shield (worn)
 D - a +3 chain mail of poison resistance (worn)
 J - a +0 pair of boots (worn)
 M - a +0 pair of gloves (worn)
Jewellery
 d - an amulet of regeneration (around neck)
 w - a +4 ring of evasion (left hand)
 G - the ring "Mawawugu" (right hand) {MR++ EV+4 Dex+3}
   (You found it on level 7 of the Dungeon)

   [ring of evasion]

   It affects your evasion (+4).
   It affects your dexterity (+3).
   It affects your resistance to hostile enchantments.
Wands
 r - a wand of polymorph (1)
 u - a wand of random effects (13)
 x - a wand of paralysis (10)
 y - a wand of acid (9)
 A - a wand of flame (31)
 F - a wand of iceblast (21)
 H - a wand of enslavement (9)
 P - a wand of digging (5)
Scrolls
 f - 3 scrolls of enchant weapon
 h - 3 scrolls of magic mapping
 i - 5 scrolls of fog
 t - 6 scrolls of teleportation
 v - a scroll of blinking
 z - 3 scrolls of remove curse
 N - a scroll of fear
 Q - a scroll of identify
Potions
 b - 2 potions of magic
 c - 6 potions of heal wounds
 g - 2 potions of attraction
 m - 5 potions of might
 n - a potion of mutation
 p - a potion of flight
 q - 10 potions of curing
 B - 3 potions of haste
 E - a potion of berserk rage
 I - a potion of cancellation
 K - a potion of lignification
 L - 2 potions of ambrosia
 O - a potion of invisibility


   Skills:
 + Level 8.1 Fighting
 - Level 14.0 Long Blades
 - Level 4.0 Armour
 - Level 2.1 Dodging
 * Level 11.8 Shields
 - Level 4.0 Evocations


You had 11 spell levels left.
You didn't know any spells.
Your spell library was empty.

Dungeon Overview and Level Annotations

Branches:
Dungeon (11/15)            Temple (0/1) D:5            Lair (2/6) D:11
    Orc (0/2) D:11          Sewer (visited)         Gauntlet (1/1)
  Swamp: Lair:2-4    Shoals: Lair:2-4     Snake: Lair:2-4    Spider: Lair:2-4

Altars:
Dithmenos
Elyvilon
Hepliaklqana
Kikubaaqudgha
Makhleb
Ru
Trog
Vehumet
Zin

Shops:
D:5 !   D:10 ?   D:11 ([

Annotations:
D:9 2 transporters, Meejax's ghost, amateur FoFi Gauntlet 11 transporters, 21 runed translucent doors


Innate Abilities, Weirdness & Mutations

Your natural rate of healing is unusually fast.
You have razor-sharp teeth.
You have supernaturally acute eyesight. (SInv)
You can survive without breathing.


Message History

You hit the gargoyle but do no damage.
You bite the gargoyle, but do no damage.
The gargoyle is moderately damaged.
The gargoyle drops a net on you. A large net falls onto you!
You become entangled in the net!
The gargoyle hits you with a +0 mace!
* * * LOW HITPOINT WARNING * * *
You struggle against the net.
Your ogre rages.
The gargoyle hurls a stone arrow at you.
The stone arrow hits you!
* * * LOW HITPOINT WARNING * * *
The gargoyle drops a net on you. A large net falls onto you!
You struggle against the net.
The gargoyle hits you with a +0 mace!
* * * LOW HITPOINT WARNING * * *
The gargoyle hurls a stone arrow at you.
The stone arrow hits you.
* * * LOW HITPOINT WARNING * * *
The gargoyle hurls a stone arrow at you.
The stone arrow hits you!
You die...

.#.©.#....§.............≈....#.©.
#########...###########...#######
#..#....#.8.#...?©[...#...#...[©/
.#.P#...#...#..#..^#..#...#.#....
..#.P#..#####.#######.#...#.##...
#..#..#.#...##..#9#..##...#..####
.#..#©P##©.©#....©....#...#....©.
#..#..#.#...##.9#O#^.##...#..##.#
..#..#..#####.##@..##.#...#.##...
.#..#...#...#..#...#..#.∩.#W#....
#..#....#.8.#...#.#...#...#WW....
#########...###########...#######
.................©.............©.
.......................≈∩≈.......
#################################
#8# #8# #8# #8# #8# #8# #8# #8# #
### ### ### ### ### ### ### ### #


You could see 2 gargoyles and a friendly ogre (summoned, berserk).

Vanquished Creatures
  3 two-headed ogres
  The ghost of jestyr24 the Cleaver, a novice MiFi of the Shining One (D:7)
  2 unseen horrors
  The ghost of Snarg the Destroyer, a novice DrCj (D:7)
  An ugly thing (D:11)
  2 cyclopes
  A manticore (D:11)
  Joseph (Lair:1)
  A black mamba (Lair:1)
  4 cane toads (Lair:1)
  A centaur skeleton (D:11)
  3 gargoyles
  3 komodo dragons (Lair:1)
  2 trolls
  2 blink frogs (Lair:1)
  A vampire (D:7)
  6 wyverns
  20 yaks
  A basilisk (Lair:1)
  2 vampire mosquitoes (D:11)
  Edmund (D:4)
  Duvessa (D:5)
  8 water moccasins
  9 ice beasts
  8 orc warriors
  5 black bears
  An eye of draining (D:11)
  11 ogres
  4 sky beasts
  A phantom (D:8)
  A necrophage (D:11)
  A centaur (D:8)
  A big kobold (D:9)
  10 bullfrogs
  Dowan (D:5)
  A wyvern zombie (D:10)
  2 scorpions (D:11)
  A water moccasin skeleton (D:4)
  19 killer bees
  A wight (D:7)
  4 electric eels (D:10)
  A bullfrog zombie (D:10)
  2 jellies
  12 orc wizards
  A quasit (D:8)
  7 orc priests
  A gnoll shaman (D:7)
  5 hounds
  A bullfrog skeleton (D:8)
  Terence (D:2)
  3 iguanas
  Natasha (thrice) (D:2)
  11 worker ants
  A killer bee zombie (D:9)
  3 hound skeletons
  A worker ant zombie (D:7)
  18 adders
  8 gnolls
  7 river rats
  3 shadow imps
  3 white imps
  3 ufetubi
  3 oozes
  An adder zombie (D:7)
  6 worms
  A dart slug (D:1)
  5 leopard geckos
  54 orcs
  12 ball pythons
  5 bats
  5 giant cockroaches
  9 goblins
  6 hobgoblins
  7 jackals
  12 kobolds
  3 quokkas
  6 frilled lizards
  31 rats
410 creatures vanquished.

Vanquished Creatures (collateral kills)
  A catoblepas (Gauntlet)
  A boulder beetle (D:11)
  A two-headed ogre (D:11)
  A komodo dragon (Lair:1)
  A troll (D:10)
  2 blink frogs (Lair:1)
  A steam dragon (D:10)
  3 wights (D:11)
11 creatures vanquished.

Vanquished Creatures (others)
  A kobold (D:10)
  A bush (D:11)
  14 demonic plants (Gauntlet)
  6 fungi (D:11)
  70 plants
  A withered plant (D:7)
93 creatures vanquished.

Grand Total: 514 creatures vanquished

Notes
Turn   | Place    | Note
-------+----------+-------------------------------------------
     0 | D:1      | jejorda2 the Vampire Berserker began the quest for the Orb.
     0 | D:1      | Reached XP level 1. HP: 17/17 MP: 1/1
   215 | D:1      | Reached XP level 2. HP: 21/23 MP: 2/2
  1115 | D:2      | Reached XP level 3. HP: 28/29 MP: 3/3
  1128 | D:2      | Reached skill level 4 in Long Blades
  1160 | D:2      | Reached XP level 4. HP: 15/35 MP: 4/4
  1261 | D:2      | Noticed Natasha
  1271 | D:2      | Killed Natasha
  1271 | D:2      | Reached ** piety under Trog
  1272 | D:2      | Reached XP level 5. HP: 20/41 MP: 5/5
  1338 | D:2      | Noticed Terence
  1364 | D:2      | Killed Terence
  1495 | D:2      | Noticed Natasha
  1507 | D:2      | Killed Natasha
  1684 | D:2      | Noticed Natasha
  1696 | D:2      | Killed Natasha
  1697 | D:2      | Reached skill level 5 in Long Blades
  2014 | D:3      | Reached XP level 6. HP: 34/48 MP: 6/6
  2029 | D:3      | Found a glowing drain.
  2046 | Sewer    | Entered a sewer
  2155 | Sewer    | Reached *** piety under Trog
  2427 | Sewer    | Reached skill level 6 in Long Blades
  2431 | Sewer    | Reached XP level 7. HP: 54/54 MP: 7/7
  2616 | D:3      | Reached **** piety under Trog
  2694 | D:3      | Found a sacrificial altar of Ru.
  3268 | D:4      | Noticed Edmund
  3281 | D:4      | Killed Edmund
  3537 | D:4      | Reached skill level 7 in Long Blades
  3707 | D:4      | Reached skill level 5 in Fighting
  3716 | D:4      | Reached XP level 8. HP: 50/62 MP: 8/8
  4132 | D:5      | Entered Level 5 of the Dungeon
  4251 | D:5      | Found a staircase to the Ecumenical Temple.
  4268 | D:5      | Noticed Dowan
  4270 | D:5      | Noticed Duvessa
  4283 | D:5      | Reached skill level 8 in Long Blades
  4298 | D:5      | Killed Duvessa
  4313 | D:5      | Killed Dowan
  4371 | D:5      | Found Mimionim's Distillery.
  4375 | D:5      | Bought a potion of heal wounds for 65 gold pieces
  5121 | D:6      | Reached skill level 9 in Long Blades
  5353 | D:6      | Reached XP level 9. HP: 69/69 MP: 9/9
  5651 | D:7      | Reached skill level 10 in Long Blades
  6080 | D:7      | Reached skill level 11 in Long Blades
  6219 | D:7      | Noticed a two-headed ogre
  6227 | D:7      | Killed a two-headed ogre
  6228 | D:7      | Reached skill level 12 in Long Blades
  6563 | D:7      | Noticed a cyclops
  6582 | D:7      | Reached skill level 1 in Shields
  6587 | D:7      | Killed a cyclops
  6588 | D:7      | Reached XP level 10. HP: 76/76 MP: 10/10
  6611 | D:7      | Reached ***** piety under Trog
  6812 | D:7      | Noticed an unseen horror
  6845 | D:7      | Killed an unseen horror
  6965 | D:7      | Got a shimmering golden amulet
  6972 | D:7      | Identified the amulet of Ashenzari's Wrath {Faith +Inv rC-
                  | rN+} (You found it on level 7 of the Dungeon)
  6978 | D:7      | Got a clouded tin ring
  6979 | D:7      | Noticed a gargoyle
  6986 | D:7      | Killed a gargoyle
  6987 | D:7      | Reached skill level 5 in Shields
  7037 | D:7      | Identified the ring "Mawawugu" {MR++ EV+4 Dex+3} (You found
                  | it on level 7 of the Dungeon)
  7145 | D:7      | Found a runed translucent gate.
  7145 | D:7      | Found a runed translucent gate.
  7145 | D:7      | Found a runed translucent gate.
  7145 | D:7      | Noticed jestyr24's ghost (novice MiFi)
  7146 | D:7      | Noticed Snarg's ghost (novice DrCj)
  7177 | D:7      | Killed Snarg's ghost
  7189 | D:7      | Killed jestyr24's ghost
  7343 | D:7      | Found a radiant altar of Vehumet.
  7424 | D:8      | Reached skill level 13 in Long Blades
  7511 | D:8      | Reached skill level 1 in Evocations
  7530 | D:8      | Found a bloodstained altar of Trog.
  7632 | D:8      | Found an ancient bone altar of Kikubaaqudgha.
  7711 | D:8      | Reached XP level 11. HP: 81/81 MP: 11/11
  7857 | D:8      | Found a hazy altar of Hepliaklqana.
  8176 | D:9      | Found a white marble altar of Elyvilon.
  8176 | D:9      | Found a burning altar of Makhleb.
  8176 | D:9      | Found a glowing silver altar of Zin.
  8474 | D:9      | Noticed a two-headed ogre
  8479 | D:9      | Identified the +5 great mace of the Slicing Soothsayer
                  | {speed, +Rage rC+}
  8479 | D:9      | Identified the +4 dire flail of Death {protect, MP+9 SInv}
  8479 | D:9      | Noticed a two-headed ogre
  8480 | D:9      | Found a transporter.
  8482 | D:9      | Noticed Meejax's ghost (amateur FoFi)
  8484 | D:9      | Found a transporter.
  8485 | D:9      | Noticed a two-headed ogre
  8925 | D:10     | Entered Level 10 of the Dungeon
  9075 | D:10     | Noticed a two-headed ogre
  9337 | D:9      | Killed a two-headed ogre
  9766 | D:10     | Found Jycauw's Magic Scroll Boutique.
 10674 | D:11     | Noticed an unseen horror
 10702 | D:11     | Killed an unseen horror
 10735 | D:11     | Noticed a two-headed ogre
 10752 | D:11     | Noticed a boulder beetle
 10755 | D:11     | Killed a two-headed ogre
 10756 | D:11     | Reached skill level 14 in Long Blades
 10759 | D:11     | Killed a boulder beetle
 10893 | D:11     | Noticed a white ugly thing
 10903 | D:11     | Killed a white ugly thing
 10972 | D:11     | Reached XP level 12. HP: 82/88 MP: 12/12
 11015 | D:11     | Noticed a two-headed ogre
 11021 | D:11     | Killed a two-headed ogre
 11074 | D:11     | Reached skill level 10 in Shields
 11099 | D:11     | Found a staircase to the Lair.
 11119 | D:11     | Found Deaph's Armour Shoppe.
 11119 | D:11     | Found a staircase to the Orcish Mines.
 11119 | D:11     | Found Cevvif's Weapon Shoppe.
 11242 | D:11     | Found a shadowy altar of Dithmenos.
 11738 | Lair:1   | Entered Level 1 of the Lair of Beasts
 11912 | Lair:1   | Noticed Joseph
 11932 | Lair:1   | Killed Joseph
 12731 | Lair:2   | Found a gate leading to a gauntlet.
 12740 | Gauntlet | Entered a Gauntlet
 12740 | Gauntlet | Found a transporter.
 12740 | Gauntlet | Found a transporter.
 12744 | Gauntlet | Found a transporter.
 12746 | Gauntlet | Found a transporter.
 12746 | Gauntlet | Found a large runed translucent door.
 12747 | Gauntlet | Found a large runed translucent door.
 12748 | Gauntlet | Found a large runed translucent door.
 12748 | Gauntlet | Found a large runed translucent door.
 12748 | Gauntlet | Found a runed translucent door.
 12748 | Gauntlet | Found a runed translucent door.
 12749 | Gauntlet | Found a large runed translucent door.
 12749 | Gauntlet | Found a large runed translucent door.
 12749 | Gauntlet | Found a large runed translucent door.
 12749 | Gauntlet | Found a large runed translucent door.
 12750 | Gauntlet | Found a large runed translucent door.
 12750 | Gauntlet | Found a large runed translucent door.
 12751 | Gauntlet | Found a large runed translucent door.
 12751 | Gauntlet | Found a large runed translucent door.
 12752 | Gauntlet | Found a runed translucent gate.
 12752 | Gauntlet | Found a runed translucent gate.
 12752 | Gauntlet | Found a runed translucent gate.
 12754 | Gauntlet | Found a transporter.
 12765 | Gauntlet | Found a large runed translucent door.
 12766 | Gauntlet | Found a large runed translucent door.
 12775 | Gauntlet | Found a large runed translucent door.
 12775 | Gauntlet | Found a large runed translucent door.
 12821 | Gauntlet | Found a transporter.
 12835 | Gauntlet | Found a transporter.
 12847 | Gauntlet | Found a transporter.
 12859 | Gauntlet | Found the ring of Robustness {AC+8}
 12859 | Gauntlet | Found a transporter.
 12872 | Gauntlet | Found a transporter.
 12878 | Gauntlet | Found a transporter.
 12899 | Gauntlet | Found a transporter.
 12916 | Gauntlet | Noticed a catoblepas
 12952 | Gauntlet | Killed a catoblepas
 12963 | Gauntlet | HP: 1/92 [gargoyle/stone arrow (5)]
 12963 | Gauntlet | Killed from afar by a gargoyle

Illustrated notes

Levels and vault maps discovered:
D:1:      dpeg_arrival_water_fire, layout_basic
D:2:      layout_rooms, minmay_misc_feat_plants, grunt_ministairs_3,
          uniq_natasha, uniq_terence
D:3:      layout_basic, old_standard_altar, gup_sewer_entry_bubbles
D:4:      layout_loops_corners, uniq_edmund
D:5:      layout_basic, minmay_temple_entry_wispy, serial_shops, shop_fountains,
          uniq_blork_the_orc, uniq_duvessa
D:6:      layout_loops_ring
D:7:      minmay_the_grid_octo_tiled_octocenter [minmay_the_grid_octo_chip,
          minmay_the_grid_octo_toaster, minmay_the_grid_octo_fat_diamond,
          minmay_the_grid_octo_pinwheel,
          minmay_the_grid_octo_prize_single_spiral,
          minmay_the_grid_square_5x5_mess, minmay_the_grid_square_5x5_bracketed,
          minmay_the_grid_square_5x5_two, minmay_the_grid_square_5x5_minibox],
          layout_loops_ring, gammafunk_ghost_cemetery, vehumet_altar_wand_db
D:8:      layout_rooms, trog_ov_bears_minmay, old_standard_altar,
          kennysheep_little_box
D:9:      layout_irregular_city, gammafunk_temple_overflow_claw,
          gammafunk_ghost_smash
D:10:     minmay_twisted_water, layout_small_grid, serial_bayou,
          serial_bayou_ford_a, serial_bayou_lake_a, serial_bayou_pond_b,
          serial_bayou_crossing, serial_shops, shop
D:11:     layout_irregular_city, minmay_lair_entry_grove, orc_david_3,
          nicolae_dithmenos_through_a_glass_darkly
Lair:1:   layout_small_grid, grunt_megastairs_3, uniq_joseph
Lair:2:   layout_regular_city, gauntlet_entry_generic,
          infiniplex_staircase_pool_2, minmay_lair_oklob_chamber
Gauntlet: gammafunk_gauntlet_shortcut [gammafunk_gauntlet_arena_split_x,
          minmay_gauntlet_arena_make_your_own_arena,
          gammafunk_gauntlet_arena_chambers,
          gammafunk_gauntlet_arena_arrow_garden, gammafunk_gauntlet_arena_teeth,
          gammafunk_gauntlet_arena_split_diamond, gauntlet_exit_spiral]

Skill      XL: |  1  2  3  4  5  6  7  8  9 10 11 12 |
---------------+-------------------------------------+-----
Fighting       | 3 4 5 6 8 |  8.1
Armour         | 2 3 4 |  4.0
Long Blades    | 4 5 6 7 9 12 13 14 | 14.0
Shields        | 2 6 9 11 | 11.8
Evocations     | 1 4 |  4.0
Dodging        | |  2.1

Action                   |  1- 3 |  4- 6 |  7- 9 | 10-12 || total
-------------------------+-------+-------+-------+-------++-------
Melee: Falchion          |    57 |   288 |   375 |       ||   720
       Bite              |     8 |    32 |    55 |   185 ||   280
       Unarmed           |       |     4 |       |       ||     4
       Long sword        |       |       |    74 |   664 ||   738
       Scimitar          |       |       |       |   450 ||   450
Throw: Dart              |       |       |    17 |    21 ||    38
Invok: Berserk           |     2 |     3 |    10 |    11 ||    26
       Trog's Hand       |       |     1 |     2 |     4 ||     7
       Brothers in Arms  |       |       |       |     5 ||     5
Evoke: Wand              |       |       |     3 |    15 ||    18
  Use: Scroll            |       |     6 |    13 |     7 ||    26
       Potion            |       |       |       |     3 ||     3
 Stab: Paralysed         |       |       |     5 |       ||     5
Armor: Scale mail        |    27 |    42 |       |       ||    69
       Animal skin       |     2 |       |       |       ||     2
       Chain mail        |       |   119 |   129 |   224 ||   472
Dodge: Dodged            |    38 |   139 |   206 |   432 ||   815
Block: Kite shield       |       |       |    17 |   656 ||   673
       Rpst.: Falchion   |    13 |    41 |    44 |       ||    98
       Long sword        |       |       |     8 |    89 ||    97
       Scimitar          |       |       |       |    55 ||    55

Table legend: (Time is in decaauts)
 A = Elapsed time spent in this place.
 B = Non-inter-level travel time spent in this place.
 C = Inter-level travel time spent in this place.
 D = Time resting spent in this place.
 E = Time spent auto-exploring this place.
 F = Levels seen in this place.
 G = Mean time per level.
                   A        B        C        D        E       F      G
               +--------+--------+--------+--------+--------+-----+--------+
         Total |  13060 |  12582 |    478 |   1256 |   7720 |  15 |  870.7 |
       Dungeon |  11384 |  10935 |    449 |   1122 |   6825 |  11 | 1034.9 |
          Lair |    952 |    924 |     28 |     27 |    661 |   2 |  476.0 |
         Sewer |    502 |    502 |      0 |    106 |     62 |   1 |  502.0 |
      Gauntlet |    221 |    221 |      0 |      0 |    172 |   1 |  221.0 |
               +--------+--------+--------+--------+--------+-----+--------+

Top non-repeatable levels by time:
     D:7: 1823 daAuts
    D:10: 1273 daAuts
     D:9: 1210 daAuts
    D:11: 1178 daAuts
     D:1: 1157 daAuts
     D:4: 1092 daAuts
  Lair:1: 926 daAuts
     D:3: 898 daAuts
     D:5: 801 daAuts
     D:2: 692 daAuts
     D:6: 636 daAuts
     D:8: 620 daAuts
   Sewer: 502 daAuts
Gauntlet: 221 daAuts
  Lair:2: 25 daAuts
